AoeStats
← ThunderboltX

Arabian Desert

510622654Analyzed
1v1 RM · 21h ago on Oct 1, 2026· 35m 33s· 2 players
Game mode
Random Map
Map size
Tiny (2 player)
Population
200
Speed
Normal
Resources
Standard
Victory
Conquest
Starting age
Dark Age
Ending age
Imperial Age
RankedLock teamsTeams togetherTeam positionsShared explorationLock speedFull tech treeHidden civsTurbo modeCheats
Victory
Defeat
🇧🇬 Mongols · Bulgaria
2547
+15
🇺🇸 Bulgarians · United States
2530
-15
T90Official
5:58 Loom
8:49 Feudal Age
13:50 Town Watch
17:06 Scale Barding Armor
17:10 Fletching
17:48 Forging
18:01 Padded Archer Armor
20:35 Wheelbarrow
20:37 Scale Mail Armor
22:04 Bloodlines
32:34 Castle Age
31:36 Horse Collar
34:11 Iron Casting
ThunderboltX
5:37 Loom
7:56 Feudal Age
8:43 Double-Bit Axe
14:06 Wheelbarrow
15:57 Fletching
17:01 Bloodlines
18:27 Forging
22:17 Town Watch
26:58 Scale Barding Armor
26:45 Horse Collar
31:19 Castle Age
30:50 Gold Mining
31:21 Light Cavalry
32:37 Iron Casting
32:05 Husbandry
35:05 Heavy Plow
35:18 Bow Saw
Connection lost

Rejoining the realm…

Still unreachable

The connection could not be restored.

Session expired

The server has moved on; the page needs a fresh start.